 Dungeon Crawl Stone Soup version 0.14-a0-3315-g09e681a (webtiles) character file.

934 4tharraofdagon the Ruinous (level 7, -2/36 HPs)
             Began as a Tengu Fire Elementalist on Mar 15, 2014.
             Slain by playerghost's ghost (4 damage)
             ... on Level 8 of the Dungeon.
             The game lasted 00:10:48 (1307 turns).

4tharraofdagon the Ruinous (TeFE)                   Turns: 1307, Time: 00:10:49

HP  -2/36        AC 11     Str 13      XL: 7   Next: 97%
MP   9/18        EV 15     Int 17      God:
Gold 105         SH  0     Dex 15      Spells:  3 memorised,  6 levels left

rFire  . . .     SeeInvis .     A - +1,+0 trident (protect)
rCold  . . .     Clarity  .     a - +0 robe
rNeg   . . .     Conserve .     (no shield)
rPois  .         rCorr    .     (helmet restricted)
rElec  .         rRot     .     f - +0 cloak
SustAb . .       Spirit   .     l - +0 pair of gloves
rMut   .         Warding  .     (boots unavailable)
Saprov . . .     Stasis   .     (no amulet)
MR     .....                    i - +3 ring of evasion
                                g - +2 ring of protection

@: mighty, not resistant to hostile enchantments, fairly stealthy
A: able to fly, beak, talons 3
a: Fly


You were on level 8 of the Dungeon.
You were hungry.

You visited 1 branch of the dungeon, and saw 8 of its levels.

You collected 105 gold pieces.

Inventory:

Hand weapons
 e - a +0,+0 club
 s - a +1,+2 trident
 t - a +1,+0 dagger of venom
 v - a -3 blowgun
 A - a +1,+0 trident of protection (weapon)
Missiles
 p - 5 exploding darts (quivered)
 u - 16 poisoned needles
 C - 2 throwing nets
Armour
 a - a +0 robe (worn)
 f - a +0 cloak (worn)
 l - a +0 pair of gloves (worn)
Magical devices
 B - a wand of slowing (10)
Comestibles
 c - 6 bread rations
 D - 6 beef jerkies
Scrolls
 d - 2 scrolls of magic mapping
 h - a scroll of teleportation {unknown}
 j - a scroll of recharging {unknown}
 n - a scroll of remove curse
 w - a scroll of immolation {unknown}
 x - 3 scrolls of identify
 y - a scroll of fog {unknown}
Jewellery
 g - a +2 ring of protection (left hand)
 i - a +3 ring of evasion (right hand)
Potions
 k - a potion of might
 m - 3 potions of curing {unknown}
 o - 3 potions of haste
 r - a potion of confusion {unknown}
 z - a potion of porridge
Books
 b - a book of Flames

   Spells                             Type                      Level
   *Flame Tongue                      Conjuration/Fire             1
   Throw Flame                        Conjuration/Fire             2
   *Conjure Flame                     Conjuration/Fire             3
   Inner Flame                        Hexes/Fire                   3
   *Sticky Flame                      Conjuration/Fire             4
   Fireball                           Conjuration/Fire             5


   Skills:
 - Level 2.1 Dodging
 - Level 2.0 Stealth
 + Level 4.0 Spellcasting
 * Level 7.0 Conjurations
 * Level 6.9 Fire Magic


You had 6 spell levels left.
You knew the following spells:

 Your Spells              Type           Power        Failure   Level  Hunger
a - Flame Tongue          Conj/Fire      ####.        1%          1    None
b - Conjure Flame         Conj/Fire      ####....     2%          3    ###....
c - Sticky Flame          Conj/Fire      ####....     10%         4    ####...


Dungeon Overview and Level Annotations

Branches:
Dungeon (8/15)
 Temple: D:4-7         Lair: D:8-11

Altars:

Annotations:
D:5 Prince Ribbit
D:8 playerghost's ghost, experienced HOFi


Innate Abilities, Weirdness & Mutations

You can fly.
You have a beak for a mouth.
You have claws for feet.


Message History

Press: ? - help, v - describe, . - travel
Here: playerghost's ghost The floor.
Drink which item? (? for menu, Esc to quit)
Okay, then.
Things that are here:
an ogre skeleton; a giant club Drink which item? (? for menu, Esc to quit)
You feel very mighty all of a sudden. Playerghost's ghost hits you!
Playerghost's ghost freezes you.
Unknown command.
You see here a human skeleton.
You hit playerghost's ghost.
Playerghost's ghost is lightly damaged.
Playerghost's ghost is engulfed in roaring flames.
Playerghost's ghost hits you!
Ouch! That really hurt!
* * * LOW HITPOINT WARNING * * *
Playerghost's ghost freezes you.
You die...

.......<)<........###...........
........<..........#...........
........).........!%...........
...............................
..............................
..............#######.........#
.............#########.......#
............##%%..###......##
...........##@p.#%.#.....##
.....[......##...###.%...##
.......#.....#########...##
.......###.....####..##..##
........#...............##
.......................##
......................##
.....................##
....................##


You could see playerghost's ghost.

Vanquished Creatures
  2 ogres (D:8)
  A phantom (D:7)
  An ice beast (D:7)
  2 giant frogs
  Blork the orc (D:7)
  A big kobold (D:6)
  A hound (D:8)
  2 orc priests (D:8)
  An orc wizard (D:8)
  A worker ant (D:6)
  A hound zombie (D:6)
  2 adders
  2 gnolls (D:8)
  2 giant eyeballs
  2 orcs (D:8)
  2 bats
  A bat skeleton (D:4)
  5 goblins
  A hobgoblin (D:2)
  7 jackals
  22 kobolds
  2 ball pythons (D:2)
  3 giant cockroaches
  A giant newt (D:3)
  4 rats
70 creatures vanquished.

Notes
Turn   | Place    | Note
--------------------------------------------------------------
     0 | D:1      | 4tharraofdagon, the Tengu Fire Elementalist, began the quest for the Orb.
     0 | D:1      | Reached XP level 1. HP: 10/10 MP: 3/3
   133 | D:2      | Reached XP level 2. HP: 10/15 MP: 0/5
   380 | D:4      | Paralysed by a giant eyeball for 4 turns
   393 | D:4      | Paralysed by a giant eyeball for 3 turns
   399 | D:4      | Paralysed by a giant eyeball for 4 turns
   414 | D:4      | Reached skill level 4 in Fire Magic
   414 | D:4      | Reached XP level 3. HP: 19/19 MP: 0/7
   419 | D:4      | Learned a level 3 spell: Conjure Flame
   532 | D:5      | Entered Level 5 of the Dungeon
   532 | D:5      | Noticed Prince Ribbit
   532 | D:5      | Noticed a wyvern
   641 | D:5      | Noticed a centaur
   650 | D:6      | Noticed an ice beast
   712 | D:6      | Reached XP level 4. HP: 22/24 MP: 5/9
   746 | D:6      | Noticed a giant frog
   754 | D:6      | Killed a giant frog
   754 | D:6      | Reached XP level 5. HP: 28/28 MP: 7/11
   799 | D:6      | Noticed a big kobold
   816 | D:6      | Killed a big kobold
   816 | D:6      | Reached skill level 5 in Fire Magic
   816 | D:6      | Reached XP level 6. HP: 29/32 MP: 8/14
   964 | D:7      | Learned a level 4 spell: Sticky Flame
   968 | D:7      | Reached skill level 5 in Conjurations
   986 | D:7      | Noticed Blork the orc
   997 | D:7      | Killed Blork the orc
  1032 | D:7      | Reached skill level 6 in Fire Magic
  1032 | D:7      | Reached XP level 7. HP: 31/36 MP: 9/17
  1279 | D:8      | Reached skill level 7 in Conjurations
  1282 | D:8      | Noticed playerghost's ghost (experienced HOFi)
  1307 | D:8      | Slain by playerghost's ghost

Action                   |  1- 3 |  4- 6 |  7- 9 || total
-------------------------+-------+-------+-------++-------
Melee: Club              |    46 |       |       ||    46
       Unarmed           |     3 |       |       ||     3
       Trident           |    12 |    52 |    22 ||    86
 Fire: Blowgun           |       |     3 |       ||     3
 Cast: Flame Tongue      |    30 |    11 |    11 ||    52
       Conjure Flame     |     1 |     1 |       ||     2
       Sticky Flame      |       |     2 |     6 ||     8
Evoke: Wand              |       |       |     1 ||     1
  Use: Scroll            |       |     4 |       ||     4
       Potion            |       |       |     1 ||     1
 Stab: Sleeping          |       |     1 |     1 ||     2
